 Dungeon Crawl Stone Soup version 0.30.1-9-gdf580d7c3d (webtiles) character file.

Game seed: 6081900800699725614

673 Ivernyr the Twirler (level 7, -1/36 HPs)
             Began as a Vine Stalker Gladiator on Sept 27, 2023.
             Slain by an ice beast (12 damage)
             ... on level 5 of the Dungeon.
             The game lasted 00:05:03 (3031 turns).

Ivernyr the Twirler (Vine Stalker Gladiator)        Turns: 3031, Time: 00:05:04

Health: -1/36      AC:  7    Str: 20    XL:     7   Next: 59%
Magic:  0/8        EV: 17    Int:  8    God:
Gold:   307        SH:  0    Dex: 16    Spells: 6/6 levels left

rFire   . . .        a - +0 quarterstaff
rCold   . . .        (shield currently unavailable)
rNeg    . . .        y - +1 ring mail of the Morning {+Blink rElec Str+2}
rPois   .            c - +0 helmet
rElec   +            (no cloak)
rCorr   .            (no gloves)
SInv    .            (no boots)
Will    .....        (no amulet)
Stlth   +            s - +5 ring of evasion
HPRegen 1.06/turn    (no ring)
MPRegen 0.11/turn

%: guardian spirit
@: no status effects
A: fangs 2, regeneration 1, magic shield, antimagic bite, no potion heal 2
a: Evoke Blink


You were on level 5 of the Dungeon.
You visited 1 branch of the dungeon, and saw 5 of its levels.

You collected 307 gold pieces.

Inventory:

Hand Weapons
 a - a +0 quarterstaff (weapon)
Missiles
 d - 4 throwing nets (quivered)
 e - a javelin
Armour
 c - a +0 helmet (worn)
 y - the +1 ring mail of the Morning (worn) {+Blink rElec Str+2}
   (You found it on level 5 of the Dungeon)

   Str:       It affects your strength (+2).
   rElec:     It insulates you from electricity.
   +Blink:    It lets you blink.
Jewellery
 s - a +5 ring of evasion (left hand)
Wands
 v - a wand of light (11)
Scrolls
 h - 4 scrolls of identify {unknown}
 i - 3 scrolls of noise {unknown}
 j - 3 scrolls of fog {unknown}
 m - 2 scrolls of poison {unknown}
 p - a scroll of fear {unknown}
 t - a scroll of enchant armour {unknown}
 u - a scroll of enchant weapon {unknown}
 w - a scroll of teleportation {unknown}
Potions
 f - 2 potions of heal wounds {unknown}
 g - 3 potions of brilliance {unknown}
 k - 3 potions of curing {unknown}
 l - a potion of berserk rage {unknown}
 n - a potion of ambrosia {unknown}
 o - a potion of lignification {unknown}
 q - 2 potions of attraction {unknown}
 r - a potion of cancellation {unknown}
 x - a potion of mutation {unknown}


   Skills:
 + Level 3.6 Fighting
 * Level 5.3 Staves
 - Level 1.7 Throwing
 + Level 2.7 Armour
 + Level 3.8 Dodging


You had 6 spell levels left.
You didn't know any spells.
Your spell library contained the following spells:

 Spells                   Type           Power      Damage    Failure   Level
 Static Discharge         Conj/Air       0%         2-2/arc   73%         2
 Airstrike                Air            0%         2d(0-16)  100%        4
 Animate Armour           Summ/Erth      0%         N/A       100%        4
 Summon Lightning Spire   Summ/Air       0%         N/A       100%        4
 Blade Hands              Tmut           0%         N/A       100%        5
 Iron Shot                Conj/Erth      0%         9d1       100%        6


Dungeon Overview and Level Annotations

Branches:
Dungeon (5/15)
 Temple: D:4-7

Altars:


Innate Abilities, Weirdness & Mutations

You have extremely sharp teeth.
Your natural rate of healing is unusually fast.
When hurt, damage is shared between your health and your magic reserves.
Your bite disrupts and absorbs the magic of your enemies.
Potions cannot restore your health.


Message History

You closely miss the ice beast.
You bite the ice beast, but do no damage.
The ice beast hits you but does no damage.
You sock the ice beast! You bite the ice beast. You drain its power.
The ice beast is moderately wounded.
The ice beast hits you but does no damage.
You sock the ice beast!
The ice beast is almost dead.
The ice beast hits you but does no damage.
You closely miss the ice beast.
The ice beast is almost dead.
The ice beast hits you but does no damage.
The ice beast barely misses you.
You hit the ice beast.
The ice beast is almost dead.
The ice beast hits you. The ice beast freezes you!
You hit the ice beast but do no damage. Your bite misses the ice beast.
The ice beast is almost dead.
The ice beast hits you. The ice beast freezes you!
You barely miss the ice beast.
The ice beast is almost dead.
The ice beast hits you but does no damage.
You hit the ice beast but do no damage. Your bite misses the ice beast.
The ice beast is almost dead.
The ice beast barely misses you.
You hit the ice beast.
The ice beast is almost dead.
The ice beast hits you. The ice beast freezes you!
* * * LOW HITPOINT WARNING * * *
You closely miss the ice beast.
You bite the ice beast, but do no damage.
The ice beast is almost dead.
The ice beast closely misses you.
You closely miss the ice beast.
The ice beast is almost dead.
The ice beast closely misses you.
You barely miss the ice beast. Your bite misses the ice beast.
The ice beast is almost dead.
The ice beast hits you. The ice beast freezes you!
You die...

...............##
#.##............#
....#
###..............
....# ####...........#
....#
#.#......<..#..###....
....##.....##... ...#
....##......#.###..##
###....[.........Y..#
###.........#...@..#
.##...............##
###.....##.........#
........#.........##
#.......#......#.##
#........[..#.####
#.##......##### ######
#####.......#.####
####.#..# .#
#...........#.##
##.#.....#


You could see an ice beast.

Vanquished Creatures
  Menkaure (D:3)
  A black bear (D:5)
  An ogre (D:5)
  A phantom (D:4)
  A scorpion (D:4)
  A hound (D:5)
  2 jellies (D:4)
  An orc wizard (D:3)
  4 gnolls
  2 adders
  A shadow imp (D:4)
  A worm (D:4)
  2 dart slugs
  5 orcs
  4 ball pythons
  5 bats
  9 endoplasms
  2 giant cockroaches
  5 goblins
  7 hobgoblins
  3 quokkas
  A frilled lizard (D:3)
  4 kobolds
  5 rats
69 creatures vanquished.

Notes
Turn   | Place    | Note
-------+----------+-------------------------------------------
     0 | D:1      | Ivernyr the Vine Stalker Gladiator began the quest for the
                  | Orb.
     0 | D:1      | Reached XP level 1. HP: 11/11 MP: 2/2
   135 | D:1      | Reached XP level 2. HP: 10/15 MP: 3/3
   251 | D:1      | Found a faded altar of an unknown god.
   450 | D:1      | Reached skill level 3 in Staves
   854 | D:2      | Reached XP level 3. HP: 17/18 MP: 4/4
   996 | D:2      | You fall into a shaft and drop 1 floor!
  1353 | D:3      | Reached skill level 1 in Armour
  1948 | D:3      | Gained mutation: Your natural rate of healing is unusually
                  | fast. [Vine Stalker growth]
  1948 | D:3      | Reached XP level 4. HP: 23/23 MP: 5/5
  2103 | D:3      | Reached XP level 5. HP: 27/27 MP: 4/6
  2106 | D:4      | Noticed Menkaure
  2155 | D:3      | Killed Menkaure
  2156 | D:3      | Reached skill level 4 in Staves
  2156 | D:3      | Reached XP level 6. HP: 32/32 MP: 7/7
  2563 | D:4      | Reached XP level 7. HP: 34/36 MP: 5/8
  2673 | D:5      | Entered Level 5 of the Dungeon
  2676 | D:5      | Identified the +1 ring mail of the Morning {+Blink rElec
                  | Str+2}
  2721 | D:5      | Reached skill level 5 in Staves
  3031 | D:5      | Slain by an ice beast

Illustrated notes

Levels and vault maps discovered:
D:1:      eino_arrival_water_cross, layout_loops_cross,
          shapermc_ecumenical_altar_hornbeckon
D:2:      layout_rooms
D:3:      layout_basic
D:4:      layout_rooms, minmay_misc_feat_tiny, hangedman_decor_push,
          chequers_serial_rivers_micro_e, uniq_menkaure
D:5:      layout_cave_pools, slow_altar_1, nicolae_figureground_sparkle

Skill      XL: |  1  2  3  4  5  6  7 |
---------------+----------------------+-----
Fighting       | 2 3 |  3.6
Staves         | 3 4 5 |  5.3
Armour         | 1 2 |  2.7
Dodging        | 3 |  3.8
Throwing       | |  1.7

Action                     |  1- 3 |  4- 6 |  7- 9 || total
---------------------------+-------+-------+-------++-------
  Melee: Quarterstaff      |    86 |    76 |    26 ||   188
         Bite              |    22 |    22 |     9 ||    53
   Stab: Sleeping          |       |     1 |       ||     1
 Armour: Leather armour    |    28 |     7 |       ||    35
         Ring mail         |       |       |    11 ||    11
  Dodge: Dodged            |    54 |    62 |    15 ||   131
